 Dungeon Crawl Stone Soup version 0.27-a0-1513-g2aaa0cc67b (webtiles) character file.

Game seed: 12931477270503391449

61 blackman the Slasher (level 4, 0/35 HPs)
             Began as a Human Fighter on July 9, 2021.
             Slain by an adder (2 damage)
             ... on level 2 of the Dungeon.
             The game lasted 00:02:42 (1888 turns).

blackman the Slasher (Human Fighter)                Turns: 1888, Time: 00:02:42

Health: 0/35       AC:  7    Str: 18    XL:     4   Next: 27%
Magic:  4/4        EV:  7    Int:  8    God:
Gold:   20         SH:  9    Dex: 12    Spells: 3/3 levels left

rFire    . . .     SeeInvis .   a - +0 long sword
rCold    . . .     Faith    .   c - +0 kite shield
rNeg     . . .     Spirit   .   b - +0 scale mail
rPois    .         Reflect  .   e - +0 hat
rElec    .         Harm     .   (no cloak)
rCorr    .         Rampage  .   o - +0 pair of gloves
Will     .....                  (no boots)
Stlth    ..........             (no amulet)
HPRegen  0.11/turn              (no ring)
MPRegen  0.09/turn              (no ring)

@: mighty, attractive
A: no striking features
a: no special abilities


You were on level 2 of the Dungeon.
You visited 1 branch of the dungeon, and saw 2 of its levels.

You collected 20 gold pieces.

Inventory:

Hand Weapons
 a - a +0 long sword (weapon)
Missiles
 g - 15 poisoned darts (quivered)
Armour
 b - a +0 scale mail (worn)
 c - a +0 kite shield (worn)
 e - a +0 hat (worn)
 i - a +0 cloak
 o - a +0 pair of gloves (worn)
Scrolls
 f - a scroll of noise {unknown}
 h - a scroll of fear {unknown}
 j - a scroll of teleportation
 k - a scroll of torment {unknown}
 l - a scroll of enchant weapon {unknown}
 n - a scroll of identify


   Skills:
 - Level 3.0 Fighting
 * Level 4.2 Long Blades
 - Level 3.0 Armour
 - Level 3.0 Shields


You had 3 spell levels left.
You didn't know any spells.
Your spell library was empty.

Dungeon Overview and Level Annotations

Branches:
Dungeon (2/15)

Altars:


Message History

The adder barely misses you.
You riposte.
You miss the adder.
The adder is heavily wounded.
The adder bites you but does no damage. The adder bites you.
You are poisoned.
The adder poisons you! You block the adder's attack.
You closely miss the adder.
The adder is heavily wounded.
You feel sick.
The adder bites you but does no damage. x3
You slash the adder!
You kill the adder!
You feel sick.
The adder bites you but does no damage. x2
You hit the adder.
The adder is moderately wounded.
You feel sick. You block the adder's attack. x2
You closely miss the adder.
The adder is moderately wounded.
You feel sick.
You are no longer poisoned.
The adder bites you.
* * * LOW HITPOINT WARNING * * *
You are poisoned.
The adder poisons you! The adder bites you.
* * * LOW HITPOINT WARNING * * *
You closely miss the adder.
The adder is moderately wounded.
You feel sick. The adder bites you but does no damage.
The adder barely misses you.
You barely miss the adder.
The adder is moderately wounded.
You feel sick. The adder bites you.
* * * LOW HITPOINT WARNING * * *
You block the worm's attack.
It was a potion of attraction.
You feel attractive to monsters.
You feel sick.
You are no longer poisoned.
The adder barely misses you.
You riposte.
You slash the adder!
The adder is almost dead.
The worm barely misses you. The adder bites you.
You die...

#.......##.........
#.....#..#w........
########.#.........
#..........<
##.......†.. ####
#..###.#..# ##...##
#..###.##..
###.....######..........
......S@w...............
.......†.............##.
.........####..##.......
..#....... .............
##.......##...##........
#..$.$..#..### ........
#.......#.# .......
##.....).. #....#


You could see a worm and an adder.

Vanquished Creatures
  4 adders (D:2)
  A worm (D:2)
  4 ball pythons
  A bat (D:1)
  An endoplasm (D:1)
  A giant cockroach (D:1)
  4 goblins (D:1)
  3 hobgoblins (D:1)
  A frilled lizard (D:1)
  3 kobolds (D:1)
  2 rats
25 creatures vanquished.

Notes
Turn   | Place    | Note
-------+----------+-------------------------------------------
     0 | D:1      | blackman the Human Fighter began the quest for the Orb.
     0 | D:1      | Reached XP level 1. HP: 18/18 MP: 1/1
   169 | D:1      | Found a faded altar of an unknown god.
   211 | D:1      | Reached XP level 2. HP: 24/24 MP: 2/2
   493 | D:1      | Reached skill level 3 in Long Blades
  1080 | D:2      | Reached XP level 3. HP: 28/29 MP: 3/3
  1814 | D:2      | Reached skill level 4 in Long Blades
  1814 | D:2      | Reached XP level 4. HP: 16/35 MP: 4/4
  1888 | D:2      | Slain by an adder

Illustrated notes

Levels and vault maps discovered:
D:1:      dpeg_arrival_tiny_i, layout_loops_ring, basic_ecumenical_altar
D:2:      minmay_angry_zag, layout_rooms, uniq_natasha

Skill      XL: |  1  2  3 |
---------------+----------+-----
Long Blades    | 3 4 |  4.2
Fighting       | |  3.0
Armour         | |  3.0
Shields        | |  3.0

Action                   |  1- 3 |  4- 6 || total
-------------------------+-------+-------++-------
Melee: Long sword        |    96 |     9 ||   105
  Use: Scroll            |     1 |       ||     1
       Potion            |     1 |     2 ||     3
Armor: Scale mail        |    59 |     8 ||    67
Dodge: Dodged            |    39 |     4 ||    43
Block: Kite shield       |    58 |     8 ||    66
       Rpst.: Long sword |     8 |     2 ||    10

Table legend: (Time is in decaauts)
 A = Elapsed time spent in this place.
 B = Non-inter-level travel time spent in this place.
 C = Inter-level travel time spent in this place.
 D = Time resting spent in this place.
 E = Time spent auto-exploring this place.
 F = Levels seen in this place.
 G = Mean time per level.
                   A        B        C        D        E       F      G
               +--------+--------+--------+--------+--------+-----+--------+
         Total |   1937 |   1892 |     45 |    652 |    958 |   2 |  968.5 |
       Dungeon |   1937 |   1892 |     45 |    652 |    958 |   2 |  968.5 |
               +--------+--------+--------+--------+--------+-----+--------+

Top non-repeatable levels by time:
     D:1: 1064 daAuts
     D:2: 873 daAuts
